 Dungeon Crawl Stone Soup version 0.27.1-34-g3ba077fa99 (webtiles) character file.

Game seed: 3019240923450363251

56 LLlMATKO the Skirmisher (level 3, -5/49 HPs)
             Began as a Minotaur Berserker on Jan 22, 2022.
             Was a Believer of Trog.
             Slain by a kobold (21 damage)
             ... on level 2 of the Dungeon.
             The game lasted 00:01:49 (1299 turns).

LLlMATKO the Skirmisher (Minotaur Berserker)        Turns: 1299, Time: 00:01:50

Health: -5/49      AC:  2    Str: 21    XL:     3   Next: 71%
Magic:  2/2        EV: 11    Int:  4    God:    Trog [**....]
Gold:   91         SH:  3    Dex: 10    Spells: 2/2 levels left

rFire    + . .     SeeInvis .   a - +0 hand axe
rCold    + . .     Faith    .   j - +0 buckler
rNeg     . . .     Spirit   .   b - +0 animal skin
rPois    .         Reflect  .   (helmet restricted)
rElec    .         Harm     .   e - scarf {rC+ rF+}
rCorr    .         Rampage  .   (no gloves)
Will     .....                  (no boots)
Stlth    ..........             (no amulet)
HPRegen  0.16/turn              (no ring)
MPRegen  0.08/turn              (no ring)

@: berserking, very quick
A: horns 2, retaliatory headbutt
a: Renounce Religion, Berserk, Trog's Hand


You were on level 2 of the Dungeon.
You worshipped Trog.
Trog was pleased with you.
You visited 1 branch of the dungeon, and saw 2 of its levels.

You collected 91 gold pieces.

Inventory:

Hand Weapons
 a - a +0 hand axe (weapon)
Missiles
 d - 44 bolts
Armour
 b - a +0 animal skin (worn)
 e - a scarf of resistance (worn)
 j - a +0 buckler (worn)
Scrolls
 g - a scroll of enchant weapon {unknown}
 l - a scroll of silence {unknown}
Potions
 c - a potion of degeneration {unknown}
 f - a potion of haste {unknown}
 h - a potion of heal wounds {unknown}
 i - a potion of brilliance {unknown}
 k - 2 potions of lignification {unknown}


   Skills:
 + Level 4.2 Fighting
 + Level 4.2 Axes
 + Level 3.1 Armour
 + Level 2.9 Dodging
 + Level 0.2 Shields


You had 2 spell levels left.
You didn't know any spells.
Your spell library was empty.

Dungeon Overview and Level Annotations

Branches:
Dungeon (2/15)

Altars:

Shops:
D:2 [


Innate Abilities, Weirdness & Mutations

You have a pair of horns on your head.
You reflexively headbutt those who attack you in melee.


Message History

No target in view!
No target in view!
A frilled lizard comes into view.
The frilled lizard hisses angrily.
The frilled lizard bites you.
You closely miss the frilled lizard.
Your headbutt misses the frilled lizard.
The frilled lizard bites you.
You hit the frilled lizard.
You kill the frilled lizard!
Trog accepts your kill.
No target in view!
No target in view!
You see here a +0 dagger.
A kobold comes into view. It is wielding a +0 whip of distortion.
The kobold shouts!
You hit the kobold. Your headbutt misses the kobold.
The kobold is moderately wounded.
You block the kobold's attack.
You closely miss the kobold.
The kobold is moderately wounded.
The kobold hits you with a +0 whip of distortion.
You blink.
The kobold hits you but does no damage. Space warps horribly around you!
You closely miss the kobold.
The kobold is moderately wounded.
The kobold hits you with a +0 whip of distortion.
Space bends around you!
You are too injured to fight recklessly!
You are too injured to fight recklessly!
You are too injured to fight recklessly!
You are too injured to fight recklessly!
You are too injured to fight recklessly!
You are too injured to fight recklessly!
You are too injured to fight recklessly!
A red film seems to cover your vision as you go berserk!
You feel yourself moving faster!
You feel mighty!
The kobold hits you with a +0 whip of distortion.
Space warps horribly around you!!
You die...

#####)##############.#
#............# #.# #.#
############.# #.# #.#
#.# #.#.#..#.# #.#
#.#.#..#.# #.#
#.#.#..#.#.# #.#
#.#.#..#.#.# #K#
#.#.#..#.#.# #@#
#.#.#..#.#.# #.#
#.#.#..#.#.# #.#
#......#.#.# #.#
###.#.##.#.# #.#
#.#....#.# #.#
#.#......# #.#
#.#<###### #.# #.###
#.. ..#


You could see a kobold.

Vanquished Creatures
  2 adders (D:2)
  2 dart slugs (D:1)
  3 giant cockroaches
  3 hobgoblins
  5 jackals
  6 ball pythons
  3 bats (D:1)
  A frilled lizard (D:2)
  3 goblins
  4 kobolds (D:1)
  4 rats
36 creatures vanquished.

Vanquished Creatures (others)
  7 toadstools (D:1)
7 creatures vanquished.

Grand Total: 43 creatures vanquished

Notes
Turn   | Place    | Note
-------+----------+-------------------------------------------
     0 | D:1      | LLlMATKO the Minotaur Berserker began the quest for the
                  | Orb.
     0 | D:1      | Reached XP level 1. HP: 19/19 MP: 0/0
   110 | D:1      | Found a faded altar of an unknown god.
   129 | D:1      | Reached XP level 2. HP: 18/27 MP: 1/1
   824 | D:2      | Reached XP level 3. HP: 31/33 MP: 2/2
   923 | D:2      | Reached ** piety under Trog
  1110 | D:2      | Found Logazet's Antique Armour Shoppe.
  1299 | D:2      | Slain by a kobold

Illustrated notes

Levels and vault maps discovered:
D:1:      nagdon_arrival_double_spiral, layout_basic,
          hellmonk_ecumenical_altar_arch_garden
D:2:      layout_basic, serial_shops, nicolae_shop_waterfront

Skill      XL: |  1  2 |
---------------+-------+-----
Fighting       | 4 |  4.2
Axes           | 4 |  4.2
Armour         | 3 |  3.1
Dodging        | |  2.9
Shields        | |  0.2

Action                   || total
-------------------------++-------
Melee: Hand axe          ||    77
       Headbutt          ||     6
Invok: Berserk           ||     3
 Stab: Sleeping          ||     1
Armor: Animal skin       ||    18
Dodge: Dodged            ||    52
Block: Buckler           ||     1
